 Dungeon Crawl Stone Soup version 0.21.1-1-g345015fe64 (webtiles) character file.

52 RaHiT the Sneak (level 3, -5/28 HPs)
             Began as a Vampire Assassin on Feb 25, 2018.
             Slain by an orc priest
             ... wielding a +0 trident
              (11 damage)
             ... on level 3 of the Dungeon.
             The game lasted 00:06:27 (1329 turns).

RaHiT the Sneak (Vampire Assassin)                  Turns: 1329, Time: 00:06:27

Health: -5/28      AC:  3    Str: 10    XL:     3   Next: 60%
Magic:  3/3        EV: 12    Int: 18    God:
Gold:   44         SH:  0    Dex: 16    Spells: 2/2 levels left

rFire    + . .     SeeInvis +   a - +2 dagger
rCold    + + .     Gourm    .   (no shield)
rNeg     + + .     Faith    .   c - +0 robe
rPois    +         Spirit   .   (no helmet)
rElec    +         Reflect  .   d - +0 cloak
rCorr    +         Harm     .   (no gloves)
MR       .....                  (no boots)
Stlth    ++++......             (no amulet)
HPRegen  0.04/turn              (no ring)
MPRegen  0.08/turn              (no ring)

@: brilliant, resistant, regenerating slowly
A: fangs 3, see invisible, unbreathing
a: Bat Form


You were on level 3 of the Dungeon.
You were thirsty.

You visited 1 branch of the dungeon, and saw 3 of its levels.

You collected 44 gold pieces.

Inventory:

Hand Weapons
 a - a +2 dagger (weapon)
 b - a +0 blowgun
Missiles
 e - 22 poisoned needles
 f - 10 curare-tipped needles
Armour
 c - a +0 robe (worn)
 d - a +0 cloak (worn)
Wands
 r - a wand of digging (3)
Scrolls
 h - a scroll of enchant armour {unknown}
 i - 2 scrolls of identify {unknown}
 j - a scroll of teleportation {unknown}
 n - a scroll of random uselessness {unknown}
 o - a scroll of fear {unknown}
 q - a scroll of immolation {unknown}
Potions
 g - 15 potions of blood


   Skills:
 * Level 2.5 Fighting
 + Level 2.6 Short Blades
 - Level 2.0 Throwing
 + Level 1.9 Dodging
 + Level 6.2 Stealth


You had 2 spell levels left.
You didn't know any spells.

Dungeon Overview and Level Annotations

Branches:
Dungeon (3/15)

Altars:
Dithmenos
Gozag
Kikubaaqudgha

Shops:
D:2 *


Innate Abilities, Weirdness & Mutations

You heal slowly.
You have razor-sharp teeth.
You have supernaturally acute eyesight. (SInv)
You can survive without breathing.


Message History

Beogh smites you!
Ouch! That really hurt!
* * * LOW HITPOINT WARNING * * *
You hear a shout!
You hit the orc priest but do no damage.
You bite the orc priest, but do no damage.
The orc priest misses you.
You hit the orc priest.
The orc priest is moderately wounded.
The orc priest closely misses you.
You barely miss the orc priest.
The orc priest is moderately wounded.
You closely miss the orc priest.
The orc priest is moderately wounded.
The orc priest begins to cast a cantrip, but forgets the words!
You hit the orc priest.
You bite the orc priest, but do no damage.
The orc priest is heavily wounded.
The orc priest hits you with a trident!
You die...

.o.......######.#.###
....................#.#
...o.o..#####...#.....#
##'###'#.......#.#....#
#..........#.#._.#....
#.............#.#...#
#########o........#...#
#..###..##o...........#
####.##.##.#@#..........#
#_#)##.##.#..############
##.##.##.###'#######
##..###(.##.......# ####
####........# #.........#
#.......<.# #.........#
#.........#


You could see 2 orc priests and an orc.

Vanquished Creatures
  An adder (D:2)
  A dart slug (D:2)
  An orc (D:3)
  2 bats (D:1)
  6 giant cockroaches
  5 goblins
  3 hobgoblins (D:1)
  4 jackals (D:2)
  6 kobolds
  2 frilled lizards (D:1)
  2 rats
33 creatures vanquished.

Notes
Turn   | Place    | Note
-------+----------+-------------------------------------------
     0 | D:1      | RaHiT the Vampire Assassin began the quest for the Orb.
     0 | D:1      | Reached XP level 1. HP: 16/16 MP: 1/1
   167 | D:1      | Reached XP level 2. HP: 22/22 MP: 2/2
   267 | D:1      | Reached skill level 6 in Stealth
   661 | D:2      | Found Gozag's Platinum Reserve.
   680 | D:2      | Found an opulent altar of Gozag.
   684 | D:2      | Found a shadowy altar of Dithmenos.
   739 | D:2      | Reached XP level 3. HP: 27/27 MP: 3/3
  1259 | D:3      | Found an ancient bone altar of Kikubaaqudgha.
  1280 | D:3      | Found a faded altar of an unknown god.
  1329 | D:3      | Slain by an orc priest

Skill      XL: |  1  2 |
---------------+-------+-----
Fighting       | 2 |  2.5
Throwing       | 2 |  2.0
Stealth        | 6 |  6.2
Short Blades   | |  2.6
Dodging        | |  1.9

Action                   || total
-------------------------++-------
Melee: Dagger            ||    84
       Bite              ||    11
  Use: Potion            ||     4
 Stab: Sleeping          ||    12
Armor: Robe              ||    19
Dodge: Dodged            ||    50
